 Dungeon Crawl Stone Soup version 0.14.0-20-g75a2fc2 (console) character file.

1027 Garrluk the Insei (level 7, -9/52 HPs)
             Began as a Red Draconian Transmuter on Apr 21, 2014.
             Was a Follower of Okawaru.
             Killed by divine providence
             ... invoked by an orc priest
              (15 damage)
             ... on Level 6 of the Dungeon.
             The game lasted 00:17:33 (4588 turns).

Garrluk the Insei (Red Draconian Transmuter)        Turns: 4588, Time: 00:17:33

HP  -9/52        AC  2     Str 12      XL: 7   Next: 61%
MP   9/12        EV 23     Int 17      God: Okawaru [*.....]
Gold 218         SH  0     Dex 18      Spells:  3 memorised,  4 levels left

rFire  . . .     SeeInvis .       - Unarmed
rCold  . . .     Clarity  +     (armour unavailable)
rNeg   . . .     Conserve .     (shield currently unavailable)
rPois  x         rCorr    .     (helmet currently unavailable)
rElec  .         rRot     .     l - melded +0 cloak
SustAb . .       Spirit   .     (gloves currently unavailable)
rMut   .         Warding  .     (boots currently unavailable)
Saprov . . .     Stasis   .     h - amulet of clarity
MR     .....                    n - +3 ring of intelligence
                                m - ring of sustenance

@: spider-form, quick, not resistant to hostile enchantments, unstealthy
A: (breathe fire), unfitting armour, (talons 0), deterioration 1, (fire
resistance 0), evolution 1, AC +6
a: End Transformation, Heroism, Renounce Religion


You were on level 6 of the Dungeon.
You worshipped Okawaru.
Okawaru was aware of your devotion.
You were not hungry.
You were in spider-form.
You visited 2 branches of the dungeon, and saw 7 of its levels.

You collected 218 gold pieces.

Inventory:

Missiles
 b - 12 arrows
 k - a throwing net (quivered)
Armour
 l - a +0 cloak (melded)
Comestibles
 a - 2 bread rations
 p - a meat ration
 r - a choko
 s - an apple
 u - a pear
Scrolls
 e - a scroll of fog
 g - 5 scrolls of teleportation
 j - 3 scrolls of remove curse
Jewellery
 h - an amulet of clarity (around neck)
 m - a ring of sustenance (left front leg)
 n - a +3 ring of intelligence (right front leg)
Potions
 f - a potion of invisibility
Books
 d - a book of Changes

   Spells                             Type                      Level
   *Beastly Appendage                 Transmutation                1
   *Sticks to Snakes                  Transmutation                2
   *Spider Form                       Transmutation/Poison         3
   Ice Form                           Ice/Transmutation            4
   Blade Hands                        Transmutation                5
 x - a book of Annihilations {highlevel}

   This book is beyond your current level of understanding.

   Spells                             Type                      Level
   Poison Arrow                       Conjuration/Poison           6
   Chain Lightning                    Conjuration/Air              8
   Lehudib's Crystal Spear            Conjuration/Earth            8
   Glaciate                           Conjuration/Ice              9
   Fire Storm                         Conjuration/Fire             9


   Skills:
 - Level 1.1 Fighting
 + Level 4.3 Dodging
 * Level 6.6 Unarmed Combat
 - Level 2.0 Spellcasting
 + Level 4.6 Transmutations


You had 4 spell levels left.
You knew the following spells:

 Your Spells              Type           Power        Failure   Level  Hunger
a - Beastly Appendage     Trmt           ###...       10%         1    #......
b - Sticks to Snakes      Trmt           ###.......   14%         2    ###....
c - Spider Form           Trmt/Pois      #.........   45%         3    ####...


Dungeon Overview and Level Annotations

Branches:
Dungeon (6/15)             Temple (1/1) D:6

Altars:
Ashenzari
Dithmenos
Elyvilon
Fedhas
Okawaru
Xom
Zin
The Shining One

Annotations:
D:5 Grinder; Prince Ribbit; inmateoo's ghost, average MfSk


Innate Abilities, Weirdness & Mutations

((You can breathe blasts of fire.))*
((Your fiery red scales are hard (AC +6).))*
Your body does not fit into most forms of armour.
Your cold-blooded metabolism reacts poorly to cold.
((Your flesh is heat resistant.))*
((You have sharp toenails.))*
Your body is slowly deteriorating.
You evolve.


Message History

Pain shoots through your body!
You see here a tomahawk.
The orc priest invokes the aid of Beogh against you.
Something smites you!
You see here a tomahawk.
The orc throws a tomahawk.
The tomahawk misses you.
The orc priest mumbles some strange prayers to Beogh against you.
Something smites you!
The orc priest mumbles some strange prayers to Beogh against you.
Pain shoots through your body!
The orc priest invokes the aid of Beogh against you.
Something smites you!
* * * LOW HITPOINT WARNING * * *
Casting: Beastly Appendage
Confirm with . or Enter, or press ? or * to list all spells.
You turn into a venomous arachnid creature.
Your +0 cloak melds into your body.
The orc priest invokes the aid of Beogh against you.
Something smites you!
You die...

# . # # #
####################.#
................s....#
.....................#
########.o#########..#
########..# #..#
..........#########..#
................oo(..#
#######..............#
#..##########(.# #..#
#..#
#######..............#
...................o.#


You could see an orc priest.

Vanquished Creatures
  A sky beast (D:5)
  An ice beast (D:6)
  A phantom (D:4)
  A scorpion (D:4)
  A hippogriff skeleton (D:6)
  An orc priest (D:6)
  Crazy Yiuf (D:3)
  A hound (D:6)
  A two-headed ogre skeleton (D:6)
  2 orc wizards (D:6)
  3 worker ants
  Ijyb (D:2)
  9 adders
  A giant mite (D:3)
  A giant eyeball (D:4)
  A giant gecko (D:4)
  An ooze (D:6)
  10 orcs
  8 bats
  12 goblins
  9 hobgoblins
  5 quokkas
  3 ball pythons
  7 giant cockroaches
  3 giant newts
  7 jackals
  7 kobolds
  A kobold zombie (D:5)
  7 rats
  A fungus (D:3)
108 creatures vanquished.

Vanquished Creatures (others)
  An orc priest (D:6)
  2 orc wizards (D:6)
  An orc (D:6)
4 creatures vanquished.

Grand Total: 112 creatures vanquished

Notes
Turn   | Place    | Note
--------------------------------------------------------------
     0 | D:1      | Garrluk, the Draconian Transmuter, began the quest for the Orb.
     0 | D:1      | Reached XP level 1. HP: 16/16 MP: 3/3
   283 | D:1      | Reached XP level 2. HP: 23/23 MP: 4/4
   316 | D:1      | Learned a level 2 spell: Sticks to Snakes
   582 | D:2      | Reached XP level 3. HP: 28/28 MP: 4/6
   676 | D:2      | Noticed Ijyb
   729 | D:2      | Killed Ijyb
   857 | D:2      | Found a blossoming altar of Fedhas.
   948 | D:2      | Reached XP level 4. HP: 35/35 MP: 7/7
  1238 | D:3      | Reached skill level 4 in Unarmed Combat
  1386 | D:2      | Found an iron altar of Okawaru.
  1395 | D:2      | Became a worshipper of Warmaster Okawaru
  1714 | D:3      | Gained mutation: Your body is slowly deteriorating. [potion of mutation]
  1714 | D:3      | Gained mutation: You evolve. [potion of mutation]
  1714 | D:3      | Gained mutation: You have sharp toenails. [potion of mutation]
  1966 | D:3      | Noticed Crazy Yiuf
  1973 | D:3      | Paralysed by Crazy Yiuf for 2 turns
  1983 | D:3      | Killed Crazy Yiuf
  1983 | D:3      | Reached XP level 5. HP: 16/40 MP: 9/9
  2764 | D:4      | Paralysed by a giant eyeball for 3 turns
  2806 | D:4      | Paralysed by a potion of paralysis for 2 turns
  2853 | D:4      | Reached skill level 5 in Unarmed Combat
  2853 | D:4      | Reached XP level 6. HP: 38/47 MP: 10/10
  2860 | D:4      | Learned a level 3 spell: Spider Form
  3060 | D:4      | Noticed a phantom
  3122 | D:4      | Killed a phantom
  3221 | D:5      | Entered Level 5 of the Dungeon
  3259 | D:5      | Noticed Prince Ribbit
  3398 | D:5      | Got an ebony falchion
  3404 | D:5      | Noticed inmateoo's ghost (average MfSk)
  3405 | D:5      | Identified the +8,+3 falchion "Gakhlelon" {speed, rPois} (You found it on level 5 of the Dungeon)
  3727 | D:6      | Acquired Okawaru's first power
  3815 | D:5      | Reached skill level 6 in Unarmed Combat
  3815 | D:5      | Your scales start taking on a fiery red colour.
  3815 | D:5      | Gained mutation: Your flesh is heat resistant. [draconian maturity]
  3815 | D:5      | Reached XP level 7. HP: 27/52 MP: 12/12
  3938 | D:5      | Noticed Grinder
  3944 | D:5      | Paralysed by Grinder for 4 turns
  4127 | D:6      | Found a staircase to the Ecumenical Temple.
  4323 | Temple   | Entered the Ecumenical Temple
  4588 | D:6      | Killed from afar by an orc priest

Action                   |  1- 3 |  4- 6 |  7- 9 || total
-------------------------+-------+-------+-------++-------
Melee: Unarmed           |   121 |   309 |    52 ||   482
 Cast: Beastly Appendage |    17 |    28 |     4 ||    49
       Spider Form       |       |       |     1 ||     1
 Abil: Breathe Fire      |       |       |     1 ||     1
Evoke: Wand              |       |     1 |       ||     1
  Use: Scroll            |       |     9 |       ||     9
       Potion            |       |     7 |       ||     7
